 Dungeon Crawl Stone Soup version 0.32-a0-875-g23b751d0ae (webtiles) character file.

Game seed: 911396962361533749

76 Kenran the Poker (level 4, -2/54 HPs)
             Began as a Minotaur Alchemist on Mar 31, 2024.
             Slain by Sigmund
             ... wielding a +2 heavy scythe
              (15 damage)
             ... on level 3 of the Dungeon.
             The game lasted 00:03:08 (1935 turns).

Kenran the Poker (Minotaur Alchemist)               Turns: 1935, Time: 00:03:09

Health: -2/54      AC: 22    Str: 14    XL:     4   Next: 12%
Magic:  5/5        EV:  2    Int: 12    God:
Gold:   73         SH:  5    Dex: 11    Spells: 4/5 levels left

rFire   . . .        k - +0 war axe
rCold   . . .        (no shield)
rNeg    . . .        e - melded +0 ring mail
rPois   +            (helmet currently unavailable)
rElec   .            (cloak currently unavailable)
rCorr   +            d - melded +0 pair of gloves
SInv    .            (boots currently unavailable)
Will    +....        m - amulet of reflection
Stlth   ++           a - ring of resist corrosion
HPRegen 0.29/turn    j - ring of willpower
MPRegen 0.09/turn

%: reflection
@: tree-form
A: stationary, stasis, torment immunity, boosted hp, (horns 2), (retaliatory
headbutt)
a: no special abilities


You were on level 3 of the Dungeon.
You were a tree.
You visited 1 branch of the dungeon, and saw 3 of its levels.

You collected 73 gold pieces.

Inventory:

Hand Weapons
 k - a +0 war axe (weapon)
Missiles
 l - 2 poisoned darts
Armour
 d - a +0 pair of gloves (melded)
 e - a +0 ring mail (melded)
Jewellery
 a - a ring of resist corrosion (left branch)
 j - a ring of willpower (right branch)
 m - an amulet of reflection (around neck)
Scrolls
 c - 3 scrolls of teleportation {unknown}
 f - a scroll of enchant weapon {unknown}
 g - a scroll of enchant armour {unknown}
 i - a scroll of blinking {unknown}
 p - a scroll of torment {unknown}
Potions
 b - 2 potions of magic


   Skills:
 - Level 2.0 Fighting
 + Level 2.5(3.1) Axes
 - Level 2.5(3.0) Polearms
 - Level 2.1 Dodging
 - Level 1.5 Stealth
 - Level 0.8 Unarmed Combat
 - Level 1.3 Spellcasting
 - Level 0.6 Conjurations
 - Level 2.1 Alchemy


You had 4 spell levels left.
You knew the following spells:

 Your Spells              Type           Power      Damage    Failure   Level
a - Sting                 Conj/Alch      16%        1d4       17%         1

Your spell library contained the following spells:

 Spells                   Type           Power      Damage    Failure   Level
 Mercury Vapours          Alch/Air       6%         N/A       28%         2
 Mephitic Cloud           Conj/Alch/Air  3%         N/A       52%         3
 Olgreb's Toxic Radiance  Alch           6%         N/A       75%         4
 Sticky Flame             Fire/Alch      3%         2d4       88%         4


Dungeon Overview and Level Annotations

Branches:
Dungeon (3/15)

Altars:
Makhleb
Xom

Annotations:
D:3 Sigmund


Innate Abilities, Weirdness & Mutations

You are a tree.
Your roots penetrate the ground, keeping you stationary.
You cannot be teleported.
You are immune to unholy pain and torment.
Your maximum health is greatly increased.
Your equipment is partially melded.
((You have a pair of horns on your head.))
((You reflexively headbutt those who attack you in melee.))


Message History

You miss something. You miss something. Something hits you!
You barely miss something. Something hits you but does no damage.
You miss something. You barely miss something. Something completely misses you.
You miss something. You barely miss something.
Something hits you but does no damage.
It was a potion of curing.
You feel better.
You hear some strange, mumbled words.
You are confused.
You attack the rock wall.
Something hits you but does no damage.
You attack the rock wall.
You attack the rock wall.
Something hits you!
* * * LOW HITPOINT WARNING * * *
You miss something. Something hits you but does no damage.
You attack the rock wall.
Your transformation is almost over.
You feel less confused.
It was a potion of cancellation.
Your magical effects are unravelling.
You feel magically purged.
You feel less wooden.
Your +0 pair of gloves unmelds from your body.
Your +0 ring mail unmelds from your body.
You block something's attack.
You turn into a tree.
Your +0 pair of gloves melds into your body.
Your +0 ring mail melds into your body.
Your roots penetrate the ground.
You slash something!
You hear some strange, mumbled words.
A puff of flame appears from out of thin air!
The puff of flame hits you but does no damage.
You completely miss something. Something hits you but does no damage.
You barely miss something. You barely miss something.
Something completely misses you.
You closely miss something.
Reactivating autopickup.
Sigmund appears from thin air!
Sigmund hits you with a +2 heavy scythe!
You die...
Sigmund begins carving another notch in his scythe.

........).. #.....S....
#....{..... #.......)..
#....$..... ##'#######. #..#
##.#### #S@♣.## ####..# ### ##.##
#####.. #..# #...#.^ ###########
##.## #.....^ ..........# #[.##
#.....^ .)........#
##..#####...#..
..........#########...........###
...........#.#................#


You could see Sigmund and an adder.

Vanquished Creatures
  A gnoll (D:1)
  2 adders
  3 dart slugs
  An orc (D:3)
  5 ball pythons
  6 endoplasms
  2 giant cockroaches (D:2)
  2 goblins (D:1)
  3 hobgoblins (D:1)
  3 kobolds (D:1)
  3 quokkas
  2 bats (D:2)
  7 rats
40 creatures vanquished.

Notes
Turn   | Place    | Note
-------+----------+-------------------------------------------
     0 | D:1      | Kenran the Minotaur Alchemist began the quest for the Orb.
     0 | D:1      | Reached XP level 1. HP: 14/14 MP: 1/1
    59 | D:1      | Reached skill level 1 in Fighting
   139 | D:1      | Reached XP level 2. HP: 21/24 MP: 0/3
   434 | D:1      | Reached skill level 1 in Polearms
   614 | D:1      | Reached XP level 3. HP: 29/29 MP: 1/4
  1215 | D:2      | Reached skill level 1 in Axes
  1510 | D:2      | Found a burning altar of Makhleb.
  1730 | D:3      | Found a faded altar of an unknown god.
  1779 | D:3      | Reached XP level 4. HP: 33/36 MP: 5/5
  1807 | D:3      | Found a shimmering altar of Xom.
  1896 | D:3      | Noticed Sigmund
  1935 | D:3      | Slain by Sigmund

Illustrated notes

Levels and vault maps discovered:
D:1:      psy_arrival_radial02, layout_loops_corners
D:2:      layout_loops_ring, basic_altar
D:3:      layout_basic, xom_teletrap_fun, gammafunk_temple_overflow_wave,
          minitemple, serial_shops, nicolae_shop_bloodbath_and_beyond,
          ebering_ecumenical_altar_webs, uniq_sigmund

Skill      XL: |  1  2  3 |
---------------+----------+-----
Fighting       | 2 |  2.0
Polearms       | 2 |  2.5
Axes           | 2 |  2.5
Dodging        | |  2.1
Stealth        | |  1.5
Unarmed Combat | |  0.8
Spellcasting   | |  1.3
Conjurations   | |  0.6
Alchemy        | |  2.1

Action                     |  1- 3 |  4- 6 || total
---------------------------+-------+-------++-------
  Melee: Unarmed           |    37 |       ||    37
         Headbutt          |    10 |       ||    10
         Punch             |     1 |       ||     1
         Spear             |    36 |       ||    36
         War axe           |    18 |    31 ||    49
   Cast: Sting             |     5 |       ||     5
    Use: Potion            |       |     4 ||     4
   Stab: Sleeping          |     1 |       ||     1
 Armour: Robe              |    15 |       ||    15
         Ring mail         |    21 |     9 ||    30
         Skin              |       |    15 ||    15
  Dodge: Dodged            |    47 |     6 ||    53
  Block: Other             |       |     4 ||     4

Table legend: (Time is in decaauts)
 A = Elapsed time spent in this place.
 B = Non-inter-level travel time spent in this place.
 C = Inter-level travel time spent in this place.
 D = Time resting spent in this place.
 E = Time spent auto-exploring this place.
 F = Levels seen in this place.
 G = Mean time per level.
                   A        B        C        D        E       F      G
               +--------+--------+--------+--------+--------+-----+--------+
         Total |   1952 |   1883 |     69 |    125 |   1342 |   3 |  650.7 |
       Dungeon |   1952 |   1883 |     69 |    125 |   1342 |   3 |  650.7 |
               +--------+--------+--------+--------+--------+-----+--------+

Top non-repeatable levels by time:
     D:1: 1154 daAuts
     D:2: 579 daAuts
     D:3: 217 daAuts
